SAAA
HIALEAH DODOS @ ALLOWAY HALBERDS
07/16/2037
 
TOP OF THE 1ST
Hialeah Dodos batting - Pitching for Alloway Halberds : RHP Jack Joyner
Pitching: RHP Jack Joyner
Batting: SHB Arvo Helminen 0-0: DOUBLE (Line Drive, 78XD, EV 101.2 MPH)
Batting: RHB Jimmy Scott 0-0: Ball
Arvo Helminen steals 3rd base
1-0: Foul Ball, location: 2F
1-1: Foul Ball, location: 2F
1-2: Ball
2-2: Fly out, F8 (Flyball, 8RS, EV 92.5 MPH)
Batting: RHB Daniel Maldonado 0-0: Called Strike
0-1: Ball
1-1: Called Strike
1-2: Foul Ball, location: 2F
1-2: Foul Ball, location: 2F
1-2: Fly out, F8 (Flyball, 8LXD, EV 108.8 MPH)
Runner from 3rd tags up, SCORES, no throw by CF
Batting: RHB Jon Deal 0-0: Ball
1-0: Fly out, F9 (Flyball, 89M, EV 88.8 MPH)
Top of the 1st over - 1 run, 1 hit, 0 errors, 0 left on base; Hialeah 1 - Alloway 0
BOTTOM OF THE 1ST
Alloway Halberds batting - Pitching for Hialeah Dodos : LHP Yoshi Minamoto
Pitching: LHP Yoshi Minamoto
Batting: LHB Brenton Winston 0-0: Called Strike
0-1: Ball
1-1: Ground out U3 (Groundball, 3S, EV 67.5 MPH)
Batting: RHB Tom Boyer 0-0: Foul Ball, location: 2F
0-1: Swinging Strike
0-2: Ball
1-2: Ball
2-2: Ball
3-2: Ground out 6-3 (Groundball, 6, EV 96.9 MPH)
Batting: RHB Carlos Garza 0-0: Ball
1-0: Ball
2-0: Called Strike
2-1: Ball
3-1: Base on Balls
Batting: RHB Manny Gonzáles 0-0: Ball
1-0: Ball
2-0: Ball
3-0: Base on Balls
Carlos Garza to second
Batting: LHB Juan Jimínez 0-0: Called Strike
0-1: Ball
1-1: SINGLE (Groundball, 34, EV 83.1 MPH) (infield hit)
Carlos Garza to third
Manny Gonzáles to second
Batting: RHB Jordan Hollins 0-0: Foul Ball, location: 2F
0-1: Ball
1-1: Ball
2-1: Fielders Choice at 2nd, 6-4 (Groundball, 56D, EV 105.6 MPH)
Bottom of the 1st over - 0 runs, 1 hit, 0 errors, 3 left on base; Hialeah 1 - Alloway 0
TOP OF THE 2ND
Hialeah Dodos batting - Pitching for Alloway Halberds : RHP Jack Joyner
Batting: RHB Dan Chrzan 0-0: Ball
1-0: Ball
2-0: Ground out 6-3 (Groundball, 6M, EV 88.8 MPH)
Batting: RHB Paul Byrd 0-0: Ball
1-0: Ball
2-0: Ball
3-0: Base on Balls
Batting: RHB Nick Boyd 0-0: Ball
1-0: Ball
2-0: Foul Ball, location: 2F
2-1: Called Strike
2-2: Fly out, F8 (Flyball, 78M, EV 73.1 MPH)
Batting: RHB Gabrio Campoverde 0-0: Called Strike
0-1: Ball
1-1: Called Strike
1-2: Foul Ball, location: 2F
1-2: Ball
2-2: Foul Ball, location: 2F
2-2: Strikes out swinging
Top of the 2nd over - 0 runs, 0 hits, 0 errors, 1 left on base; Hialeah 1 - Alloway 0
BOTTOM OF THE 2ND
Alloway Halberds batting - Pitching for Hialeah Dodos : LHP Yoshi Minamoto
Batting: LHB Bora Garasanin 0-0: Swinging Strike
0-1: Swinging Strike
0-2: Ball
1-2: Ball
2-2: Ball
3-2: Foul Ball, location: 2F
3-2: Strikes out looking
Batting: RHB Bryan Clifton 0-0: Swinging Strike
0-1: Foul Ball, location: 2F
0-2: Ball
1-2: Fly out, F8 (Line Drive, 8LM, EV 104.4 MPH)
Batting: LHB Phil Beck 0-0: Swinging Strike
0-1: Ball
1-1: Ball
2-1: SINGLE (Line Drive, 56, EV 96.9 MPH)
Batting: LHB Brenton Winston 0-0: Ball
1-0: Ball
Phil Beck is caught stealing 2nd base 2-6
Bottom of the 2nd over - 0 runs, 1 hit, 0 errors, 0 left on base; Hialeah 1 - Alloway 0
TOP OF THE 3RD
Hialeah Dodos batting - Pitching for Alloway Halberds : RHP Jack Joyner
Batting: RHB Ernesto Trevino 0-0: Foul Ball, location: 2F
0-1: Ball
1-1: Swinging Strike
1-2: Strikes out swinging
Batting: SHB Arvo Helminen 0-0: Ball
1-0: Ball
2-0: Ball
3-0: Base on Balls
Batting: RHB Jimmy Scott 0-0: Ball
1-0: Ball
2-0: Foul Ball, location: 2F
2-1: Called Strike
2-2: Fly out, F4 (Line Drive, 4, EV 65.6 MPH)
Batting: RHB Daniel Maldonado 0-0: Ball
Arvo Helminen is caught stealing 2nd base 2-4
Top of the 3rd over - 0 runs, 0 hits, 0 errors, 0 left on base; Hialeah 1 - Alloway 0
BOTTOM OF THE 3RD
Alloway Halberds batting - Pitching for Hialeah Dodos : LHP Yoshi Minamoto
Batting: LHB Brenton Winston 0-0: Called Strike
0-1: Foul Ball, location: 2F
0-2: SINGLE (Groundball, 34, EV 100.0 MPH) (infield hit)
Batting: RHB Tom Boyer 0-0: Ball
1-0: Foul Ball, location: 2F
1-1: Ball
2-1: Called Strike
2-2: Grounds into double play, 6-4-3 (Groundball, 6, EV 81.2 MPH)
Batting: RHB Carlos Garza 0-0: Foul Ball, location: 2F
0-1: Foul Ball, location: 2F
0-2: Ball
1-2: Fly out, F7 (Flyball, 78D, EV 105.6 MPH)
Bottom of the 3rd over - 0 runs, 1 hit, 0 errors, 0 left on base; Hialeah 1 - Alloway 0
TOP OF THE 4TH
Hialeah Dodos batting - Pitching for Alloway Halberds : RHP Jack Joyner
Batting: RHB Daniel Maldonado 0-0: Ball
1-0: Foul Ball, location: 2F
1-1: SINGLE (Groundball, 4S, EV 77.5 MPH) (infield hit)
Batting: RHB Jon Deal 0-0: Ball
1-0: Ball
Daniel Maldonado steals 2nd base (no throw)
2-0: Called Strike
2-1: Ball
3-1: Base on Balls
Batting: RHB Dan Chrzan 0-0: Ball
1-0: Foul Ball, location: 2F
1-1: Ball
2-1: Ball
3-1: Base on Balls
Daniel Maldonado to third
Jon Deal to second
Batting: RHB Paul Byrd 0-0: Ball
1-0: Called Strike
1-1: Fly out, F7 (Flyball, 78S, EV 92.5 MPH)
Batting: RHB Nick Boyd 0-0: Ball
1-0: Foul Ball, location: 2F
1-1: Ball
2-1: Foul Ball, location: 2F
2-2: Foul Ball, location: 2F
2-2: Ball
3-2: Grounds into double play, 4-6-3 (Groundball, 4, EV 85.0 MPH)
Top of the 4th over - 0 runs, 1 hit, 0 errors, 2 left on base; Hialeah 1 - Alloway 0
BOTTOM OF THE 4TH
Alloway Halberds batting - Pitching for Hialeah Dodos : LHP Yoshi Minamoto
Batting: RHB Manny Gonzáles 0-0: Ball
1-0: Ball
2-0: Ball
3-0: Called Strike
3-1: SINGLE (Flyball, 89S, EV 88.1 MPH)
Batting: LHB Juan Jimínez 0-0: Ball
1-0: Ball
2-0: Fielders Choice at 2nd, 3-6 (Groundball, 3, EV 103.8 MPH)
Batting: RHB Jordan Hollins 0-0: Ball
1-0: Ball
2-0: Called Strike
2-1: Ball
3-1: SINGLE (Groundball, 6MD, EV 96.2 MPH)
Juan Jimínez to second
Batting: LHB Bora Garasanin 0-0: Foul Ball, location: 2F
0-1: SINGLE (Line Drive, 78M, EV 93.1 MPH)
Juan Jimínez to third
Jordan Hollins to second
Runner from 3rd tries for Home, SAFE, no throw by LF
Batting: RHB Bryan Clifton 0-0: Ball
1-0: Ball
2-0: Ball
3-0: Called Strike
3-1: Foul Ball, location: 2F
3-2: Foul Ball, location: 2F
3-2: Grounds into double play, 3-6-3 (Groundball, 34, EV 76.9 MPH)
Bottom of the 4th over - 1 run, 3 hits, 0 errors, 1 left on base; Hialeah 1 - Alloway 1
TOP OF THE 5TH
Hialeah Dodos batting - Pitching for Alloway Halberds : RHP Jack Joyner
Batting: RHB Gabrio Campoverde 0-0: Ground out 6-3 (Groundball, 6S, EV 83.8 MPH)
Batting: RHB Ernesto Trevino 0-0: Ball
1-0: Ball
2-0: Called Strike
2-1: Foul Ball, location: 2F
2-2: Ball
3-2: Base on Balls
Batting: SHB Arvo Helminen 0-0: Ball
1-0: Ball
2-0: Ball
3-0: Called Strike
3-1: Called Strike
3-2: SINGLE (Groundball, 4, EV 90.6 MPH) (infield hit)
Ernesto Trevino to second
Batting: RHB Jimmy Scott 0-0: Called Strike
Ernesto Trevino steals 3rd base
Arvo Helminen to second
0-1: Ball
1-1: Ball
2-1: Ball
3-1: Foul Ball, location: 2F
3-2: Foul Ball, location: 2F
3-2: Fly out, F8 (Flyball, 8RM, EV 88.1 MPH)
Runner from 3rd tags up, OUT at HOME! 8-2
Top of the 5th over - 0 runs, 1 hit, 0 errors, 1 left on base; Hialeah 1 - Alloway 1
BOTTOM OF THE 5TH
Alloway Halberds batting - Pitching for Hialeah Dodos : LHP Yoshi Minamoto
Pitching: RHP Dave Stephenson
Batting: LHB Phil Beck 0-0: Called Strike
0-1: Ball
1-1: Called Strike
1-2: SINGLE (Groundball, 34D, EV 105.6 MPH)
Batting: LHB Brenton Winston 0-0: Sac Bunt to P - play at first, batter OUT! 1-3
Phil Beck to second
Batting: RHB Tom Boyer 0-0: Foul Ball, location: 2F
0-1: Called Strike
0-2: Ground out 4-3 (Groundball, 4, EV 101.2 MPH)
Phil Beck to third
Batting: RHB Carlos Garza 0-0: Ball
1-0: Foul Ball, location: 2F
1-1: Ball
2-1: Foul Ball, location: 2F
2-2: Foul Ball, location: 2F
2-2: Ball
3-2: Base on Balls
Batting: RHB Manny Gonzáles 0-0: Ball
1-0: Called Strike
1-1: Called Strike
1-2: Ball
2-2: Ball
3-2: Foul Ball, location: 2F
3-2: Base on Balls
Carlos Garza to second
Batting: LHB Juan Jimínez 0-0: Ball
1-0: Swinging Strike
1-1: Fly out, F7 (Flyball, 7S, EV 78.1 MPH)
Bottom of the 5th over - 0 runs, 1 hit, 0 errors, 3 left on base; Hialeah 1 - Alloway 1
TOP OF THE 6TH
Hialeah Dodos batting - Pitching for Alloway Halberds : RHP Jack Joyner
Batting: RHB Daniel Maldonado 0-0: Called Strike
0-1: Ball
1-1: Foul Ball, location: 2F
1-2: Foul Ball, location: 2F
1-2: Fly out, F7 (Flyball, 7LS, EV 92.5 MPH)
Batting: RHB Jon Deal 0-0: Ball
1-0: Foul Ball, location: 2F
1-1: Ball
2-1: Ball
3-1: Base on Balls
Pitching: RHP Ryan Dull
Batting: RHB Dan Chrzan 0-0: Called Strike
0-1: Called Strike
0-2: Strikes out swinging
Batting: RHB Paul Byrd 0-0: Ball
1-0: Ball
2-0: Ground out 1-3 (Groundball, 13, EV 86.9 MPH)
Top of the 6th over - 0 runs, 0 hits, 0 errors, 1 left on base; Hialeah 1 - Alloway 1
BOTTOM OF THE 6TH
Alloway Halberds batting - Pitching for Hialeah Dodos : RHP Dave Stephenson
Batting: RHB Jordan Hollins 0-0: Ball
1-0: Called Strike
1-1: Ground out 6-3 (Groundball, 56, EV 85.0 MPH)
Batting: LHB Bora Garasanin 0-0: Ball
1-0: DOUBLE (Line Drive, 78D, EV 100.6 MPH)
Batting: RHB Bryan Clifton 0-0: Called Strike
0-1: Ground out 4-3 (Groundball, 34, EV 91.9 MPH)
Bora Garasanin to third
Batting: LHB Phil Beck 0-0: Ground out 4-3 (Groundball, 4, EV 98.8 MPH)
Bottom of the 6th over - 0 runs, 1 hit, 0 errors, 1 left on base; Hialeah 1 - Alloway 1
TOP OF THE 7TH
Hialeah Dodos batting - Pitching for Alloway Halberds : RHP Ryan Dull
Batting: RHB Nick Boyd 0-0: Called Strike
0-1: Ball
1-1: Called Strike
1-2: Foul Ball, location: 2F
1-2: Fly out, F9 (Flyball, 89S, EV 81.9 MPH)
Batting: RHB Gabrio Campoverde 0-0: Swinging Strike
0-1: Ball
1-1: SINGLE (Groundball, 6MD, EV 107.5 MPH)
Batting: RHB Ernesto Trevino 0-0: Ball
1-0: Fielders Choice at 2nd, 4-6 (Groundball, 4, EV 88.1 MPH)
Batting: SHB Arvo Helminen 0-0: Ball
Ernesto Trevino steals 2nd base
1-0: Ball
2-0: Foul Ball, location: 2F
2-1: Foul Ball, location: 2F
2-2: Ball
3-2: Foul Ball, location: 2F
3-2: Base on Balls
Batting: RHB Jimmy Scott 0-0: Ball
1-0: Swinging Strike
1-1: Called Strike
1-2: Strikes out swinging
Top of the 7th over - 0 runs, 1 hit, 0 errors, 2 left on base; Hialeah 1 - Alloway 1
BOTTOM OF THE 7TH
Alloway Halberds batting - Pitching for Hialeah Dodos : RHP Dave Stephenson
Batting: LHB Brenton Winston 0-0: Fly out, F9 (Flyball, 9S, EV 81.9 MPH)
Batting: RHB Tom Boyer 0-0: Foul Ball, location: 2F
0-1: Ball
1-1: Foul Ball, location: 2F
1-2: Foul Ball, location: 2F
1-2: Ball
2-2: Ball
3-2: Fly out, F7 (Flyball, 7, EV 91.9 MPH)
Batting: RHB Carlos Garza 0-0: Ball
1-0: Ground out 5-3 (Groundball, 5, EV 88.1 MPH)
Bottom of the 7th over - 0 runs, 0 hits, 0 errors, 0 left on base; Hialeah 1 - Alloway 1
TOP OF THE 8TH
Hialeah Dodos batting - Pitching for Alloway Halberds : RHP Ryan Dull
Batting: RHB Daniel Maldonado 0-0: Ball
1-0: Ball
2-0: Called Strike
2-1: Swinging Strike
2-2: Foul Ball, location: 2F
2-2: Strikes out swinging
Batting: RHB Jon Deal 0-0: Ball
1-0: Ball
2-0: Ball
3-0: Called Strike
3-1: Foul Ball, location: 2F
3-2: Base on Balls
Batting: RHB Dan Chrzan 0-0: Swinging Strike
0-1: Ball
1-1: Foul Ball, location: 2F
1-2: Foul Ball, location: 2F
1-2: Grounds into double play, 4-6-3 (Groundball, 4, EV 81.2 MPH)
Top of the 8th over - 0 runs, 0 hits, 0 errors, 0 left on base; Hialeah 1 - Alloway 1
BOTTOM OF THE 8TH
Alloway Halberds batting - Pitching for Hialeah Dodos : RHP Dave Stephenson
Batting: RHB Manny Gonzáles 0-0: Ball
1-0: Foul Ball, location: 2F
1-1: Called Strike
1-2: Ball
2-2: Foul Ball, location: 2F
2-2: Foul Ball, location: 2F
2-2: Ball
3-2: Base on Balls
Pitching: RHP Cory Sanders
Batting: LHB Juan Jimínez 0-0: Swinging Strike
0-1: Fly out, F3 (Popup, 3L, EV 62.5 MPH)
Batting: RHB Jordan Hollins 0-0: Fly out, F3 (Popup, 34S, EV 86.9 MPH)
Batting: LHB Bora Garasanin 0-0: Ball
1-0: Ball
2-0: Fly out, F8 (Line Drive, 8LM, EV 103.8 MPH)
Bottom of the 8th over - 0 runs, 0 hits, 0 errors, 1 left on base; Hialeah 1 - Alloway 1
TOP OF THE 9TH
Hialeah Dodos batting - Pitching for Alloway Halberds : RHP Ryan Dull
Batting: RHB Paul Byrd 0-0: Ball
1-0: Ball
2-0: Ball
3-0: Called Strike
3-1: DOUBLE (Flyball, 8RXD, EV 93.8 MPH)
Pitching: RHP Francisco García
Batting: RHB Nick Boyd 0-0: Ball
1-0: Foul Ball, location: 2F
1-1: Ball
2-1: Bunted foul
2-2: Strikes out swinging
Batting: RHB Gabrio Campoverde 0-0: Foul Ball, location: 2F
0-1: Ball
1-1: Called Strike
1-2: Ground out 1-3 (Groundball, 34S, EV 84.4 MPH)
Paul Byrd to third
Batting: RHB Ernesto Trevino 0-0: Intentional Walk
Batting: SHB Arvo Helminen 0-0: Swinging Strike
0-1: Ball
1-1: Called Strike
1-2: Ground out 1-3 (Groundball, 23, EV 70.6 MPH)
Top of the 9th over - 0 runs, 1 hit, 0 errors, 2 left on base; Hialeah 1 - Alloway 1
BOTTOM OF THE 9TH
Alloway Halberds batting - Pitching for Hialeah Dodos : RHP Cory Sanders
Batting: RHB Bryan Clifton 0-0: Called Strike
0-1: Foul Ball, location: 2F
0-2: Ball
1-2: Ball
2-2: SINGLE (Groundball, 6D, EV 106.2 MPH)
Batting: LHB Phil Beck 0-0: Sac Bunt to 15S - play at first, batter OUT! 1-4
Bryan Clifton to second
Batting: LHB Brenton Winston 0-0: Intentional Walk
Batting: RHB Tom Boyer 0-0: Ball
1-0: Foul Ball, location: 2F
1-1: Foul Ball, location: 2F
1-2: Foul Ball, location: 2F
1-2: Ball
2-2: SINGLE (Line Drive, 56D, EV 98.1 MPH)
Bryan Clifton to third
Brenton Winston to second
Runner from 3rd tries for Home, SAFE, no throw by LF
Thursday, January 23rd, 2020 - OOTP Baseball 20.8 Build 74